 Dungeon Crawl Stone Soup version 0.17-a0-2069-g0f4ee5b (webtiles) character file.

431 MDvedh the Covert (level 6, 0/44 HPs)
             Began as a Vampire Assassin on Oct 13, 2015.
             Slain by an orc
             ... wielding a +0 whip
              (8 damage)
             ... on level 4 of the Dungeon.
             The game lasted 00:09:33 (3139 turns).

MDvedh the Covert (Vampire Assassin)                Turns: 3139, Time: 00:09:33

Health: 0/44       AC:  4    Str: 10    XL:     6   Next: 67%
Magic:  6/6        EV: 12    Int: 13    God:
Gold:   158        SH:  0    Dex: 18    Spells: 0 memorised, 5 levels left

rFire  . . .     SeeInvis +     a - +1 rapier
rCold  . . .     Clarity  .     c - +0 robe
rNeg   . . .     SustAt   +     (no shield)
rPois  .         Gourm    .     (no helmet)
rElec  .         Spirit   .     d - +1 cloak
rCorr  .         Warding  .     (no gloves)
rMut   .         Stasis   .     (no boots)
MR     .....                    (no amulet)
Stlth  +++++.....               (no ring)
                                m - ring of sustain attributes

@: regenerating quickly, not resistant to hostile enchantments, quite stealthy
A: fangs 3, see invisible, unbreathing
a: no special abilities


You were on level 4 of the Dungeon.
You were very full.

You visited 1 branch of the dungeon, and saw 4 of its levels.

You collected 158 gold pieces.

Inventory:

Hand Weapons
 a - a +1 rapier (weapon)
 b - a +0 blowgun
 s - a +2 dagger
Missiles
 e - 23 poisoned needles
 f - 2 curare-tipped needles
Armour
 c - a +0 robe (worn)
 d - a +1 cloak (worn)
 p - a +0 leather armour
Jewellery
 m - a ring of sustain attributes (left hand)
Scrolls
 k - a scroll of immolation
 u - a scroll of enchant weapon
Potions
 g - a potion of might {unknown}
 h - 2 potions of cancellation
 i - a potion of resistance {unknown}
 j - a potion of flight {unknown}
 n - 3 potions of curing
 t - 2 potions of haste
 w - a potion of agility {unknown}
 z - a potion of beneficial mutation {unknown}


   Skills:
 - Level 1.7 Fighting
 * Level 6.8 Short Blades
 - Level 1.5 Throwing
 - Level 1.1 Dodging
 + Level 8.2 Stealth


You had 5 spell levels left.
You didn't know any spells.

Dungeon Overview and Level Annotations

Branches:
Dungeon (4/15)
 Temple: D:4-7

Altars:
The Shining One


Innate Abilities, Weirdness & Mutations

Your natural rate of healing is unusually fast.
You have razor-sharp teeth.
You have supernaturally acute eyesight.
You can survive without breathing.


Message History

You barely miss the orc. You hit the orc but do no damage.
The orc hits you with a whip.
* * * LOW HITPOINT WARNING * * *
You barely miss the orc. The orc hits you but does no damage.
You hit the orc but do no damage. The orc hits you with a whip.
* * * LOW HITPOINT WARNING * * *
You hit the orc.
The orc is moderately wounded.
The orc hits you with a whip.
* * * LOW HITPOINT WARNING * * *
You hit the orc.
The orc is severely wounded.
The orc hits you with a whip.
* * * LOW HITPOINT WARNING * * *
You hit the orc but do no damage.
The orc is heavily wounded.
You hit the orc but do no damage.
The orc is heavily wounded.
The orc hits you with a whip!
You die...

## .##... .## #...... ..##
....... ...## ##.......
....## #........ .....##
#### #.Z......
......#####..#######...)...#
.................##........#
.......###......@oZ.......##
......## ##.....###>......#
.......# #....## ##.....##
.......# #...## #.....#
.......# ##### ##....#
.......# ...## ##..#### ...#
#.## #..# ..


You could see an orc and a jackal skeleton.

Vanquished Creatures
  The ghost of magipi the Changer, an amateur KoTm (D:4)
  A sky beast (D:3)
  An orc priest (D:3)
  A hound (D:4)
  Terence (D:2)
  An orc wizard (D:3)
  5 adders
  A worm (D:2)
  5 orcs (D:3)
  6 bats
  6 giant cockroaches
  3 hobgoblins
  5 jackals (D:2)
  13 kobolds
  4 giant geckos
  6 giant newts
  4 goblins
  A quokka (D:2)
  9 rats
74 creatures vanquished.

Notes
Turn   | Place    | Note
--------------------------------------------------------------
     0 | D:1      | MDvedh the Vampire Assassin began the quest for the Orb.
     0 | D:1      | Reached XP level 1. HP: 16/16 MP: 1/1
   247 | D:1      | Found a glowing golden altar of the Shining One.
   339 | D:1      | Reached XP level 2. HP: 22/22 MP: 2/2
  1144 | D:2      | Reached XP level 3. HP: 27/27 MP: 3/3
  1188 | D:2      | Reached skill level 6 in Stealth
  1728 | D:2      | Noticed Terence
  1731 | D:2      | Killed Terence
  1731 | D:2      | Reached XP level 4. HP: 33/33 MP: 4/4
  2085 | D:3      | Noticed a sky beast
  2419 | D:3      | Killed a sky beast
  2419 | D:3      | Reached skill level 5 in Short Blades
  2419 | D:3      | Reached skill level 7 in Stealth
  2419 | D:3      | Reached XP level 5. HP: 38/38 MP: 5/5
  2790 | D:3      | Reached XP level 6. HP: 44/44 MP: 6/6
  3108 | D:4      | Noticed magipi's ghost (amateur KoTm)
  3130 | D:4      | Killed magipi's ghost
  3130 | D:4      | Reached skill level 8 in Stealth
  3139 | D:4      | Slain by an orc

Vault maps used:
D:1:      matt_arrival_grand_opening, serial_forest, infiniplex_forest_lined_2,
          infiniplex_forest_clump_curved, infiniplex_forest_lined_4_way,
          infiniplex_forest_straight_2, infiniplex_forest_end_1,
          infiniplex_forest_end_double, infiniplex_forest_clump_diagonal,
          infiniplex_forest_zigzag_1, minmay_misc_feat_five,
          wad_floor_pattern_untrapped, minmay_misc_feat_hallway, tso_metal_star
D:2:      first_bread, patterned_corridor, uniq_terence
D:3:      minivault_25, st_stairs_3
D:4:      grunt_dithmenos_smoke_and_mirrors, uniq_robin, uniq_blork_the_orc

Action                   |  1- 3 |  4- 6 || total
-------------------------+-------+-------++-------
Melee: Dagger            |    89 |       ||    89
       Rapier            |    27 |    98 ||   125
 Fire: Blowgun           |     2 |     4 ||     6
  Use: Scroll            |       |    11 ||    11
 Stab: Sleeping          |    18 |    15 ||    33
  Eat: Corpse            |    17 |     7 ||    24
